 Dungeon Crawl Stone Soup version 0.18.1-48-g4cf74bf (webtiles) character file.

41 Goudai the Chiller (level 3, -29/30 HPs)
             Began as a Deep Dwarf Ice Elementalist on June 24, 2016.
             Killed from afar by a jackal (37 damage)
             ... with an exploding inner flame
             ... hexed by the player character
             ... on level 2 of the Dungeon.
             The game lasted 00:14:03 (1626 turns).

Goudai the Chiller (Deep Dwarf Ice Elementalist)    Turns: 1626, Time: 00:14:04

Health: -29/30     AC:  8    Str: 11    XL:     3   Next: 32%
Magic:  6/6        EV:  5    Int: 16    God:
Gold:   82         SH:  0    Dex: 13    Spells: 1 memorised, 5 levels left

rFire  . . .     SeeInvis .     n - +0 club
rCold  . . .     Gourm    .     e - +0 chain mail
rNeg   . . .     Faith    .     (no shield)
rPois  .         Spirit   .     (no helmet)
rElec  .         Dismiss  .     (no cloak)
rCorr  .         Reflect  .     (no gloves)
SustAt .         Harm     .     (no boots)
MR     .....                    (no amulet)
Stlth  ..........               (no ring)
                                (no ring)

@: flying, non-regenerating, not resistant to hostile enchantments, extremely
unstealthy
A: damage resistance, recharge devices, sense surroundings 1, slow regeneration
3
a: Device Recharging


You were on level 2 of the Dungeon.
You were not hungry.

You visited 1 branch of the dungeon, and saw 2 of its levels.

You collected 82 gold pieces.

Inventory:

Hand Weapons
 d - a +0 club
 f - a +0 dagger
 i - a +0 short sword
 m - a +0 club
 n - a +0 club (weapon)
 o - a +0 short sword
 s - a +0 hunting sling
 t - a +0 club
Missiles
 k - 59 stones (quivered)
 q - 17 poisoned needles
Armour
 a - a +0 robe
 e - a +0 chain mail (worn)
 l - a +0 chain mail
Wands
 c - a wand of heal wounds (5/9)
Scrolls
 j - 2 scrolls of teleportation {unknown}
Potions
 g - 3 potions of berserk rage {unknown}
Books
 b - a book of Frost

   Spells                             Type                      Level
   a - Freeze                         Ice                          1
   b - Throw Frost                    Conjuration/Ice              2
   c - Ozocubu's Armour               Charms/Ice                   3
   d - Throw Icicle                   Conjuration/Ice              4
   e - Summon Ice Beast               Ice/Summoning                4
Comestibles
 p - a bread ration


   Skills:
 + Level 0.3 Fighting
 + Level 0.4 Armour
 + Level 2.5 Dodging
 + Level 2.6 Stealth
 + Level 2.3 Spellcasting
   Level 0.8 Conjurations
 + Level 3.1 Ice Magic


You had 5 spell levels left.
You knew the following spells:

 Your Spells              Type           Power        Failure   Level  Hunger
a - Freeze                Ice            ##..         100%        1    #......


Dungeon Overview and Level Annotations

Branches:
Dungeon (2/15)

Altars:


Innate Abilities, Weirdness & Mutations

You are resistant to damage.
You can recharge devices by infusing magical energy.
You passively map a small area around you.
You do not regenerate naturally.


Message History

The jackal barely misses you.
The jackal bites you but does no damage.
You hit the jackal but do no damage.
The jackal is severely wounded.
The jackal bites you.
* * * LOW HITPOINT WARNING * * *
The jackal bites you.
As you read the scroll labeled NIGGOT SOWA, it crumbles to dust.
The creatures around you are filled with an inner flame!
It was a scroll of immolation.
The jackal bites you but does no damage.
You hit the jackal.
The jackal explodes!
The fiery explosion engulfs the jackal.
The jackal explodes!
The fiery explosion engulfs the rat.
The rat explodes!
The fiery explosion engulfs you!
Ouch! That really hurt!
You die...

, * ,* #..####
, ##.....#
####.....# ,
.........#
#.......%######
.........##§§@#
,
.........##§###
#.....?..%<(# ,
..........###
##.###%$(## * *
#...#, ,, * ,
###.# , , *..#
, , , , .## , ,


There were no monsters in sight!

Vanquished Creatures
  An adder (D:2)
  2 dart slugs (D:1)
  3 bats
  2 giant cockroaches (D:1)
  6 goblins (D:1)
  2 hobgoblins (D:1)
  2 jackals (D:2)
  3 kobolds (D:1)
  A ball python (D:1)
  A giant newt (D:1)
  5 rats
28 creatures vanquished.

Notes
Turn   | Place    | Note
--------------------------------------------------------------
     0 | D:1      | Goudai the Deep Dwarf Ice Elementalist began the quest for the Orb.
     0 | D:1      | Reached XP level 1. HP: 15/15 MP: 3/3
   407 | D:1      | Reached XP level 2. HP: 16/22 MP: 3/5
   728 | D:1      | Reached skill level 3 in Ice Magic
  1595 | D:2      | Reached XP level 3. HP: 10/30 MP: 6/6
  1626 | D:2      | Killed from afar by a jackal

Skill      XL: |  1  2 |
---------------+-------+-----
Spellcasting   | 2 |  2.3
Ice Magic      | 3 |  3.1
Fighting       | |  0.3
Armour         | |  0.4
Dodging        | |  2.5
Stealth        | |  2.6
Conjurations   | |  0.8

Action                   || total
-------------------------++-------
Melee: Unarmed           ||     6
       Dagger            ||     6
       Club              ||    82
       Short sword       ||     4
Throw: Stone             ||     6
 Cast: Freeze            ||    14
  Use: Potion            ||     2
       Scroll            ||     1
  Eat: Bread ration      ||     1
Armor: Robe              ||     4
       Chain mail        ||    71
Dodge: Dodged            ||    48
